 Dungeon Crawl Stone Soup version 0.26.1-11-gd32895ea62 (webtiles) character file.

Game seed: 2914798261088901992

2900 Zeld the Geomancer (level 9, 0/45 HPs)
             Began as a Gargoyle Earth Elementalist on June 9, 2021.
             Was a Follower of Sif Muna.
             Slain by an orc warrior
             ... wielding a +0 war axe
              (8 damage)
             ... in a bailey.
             The game lasted 00:23:28 (11579 turns).

Zeld the Geomancer (Gargoyle Earth Elementalist)   Turns: 11579, Time: 00:23:29

Health: 0/45       AC: 11    Str: 11    XL:     9   Next: 77%
Magic:  1/18       EV: 14    Int: 20    God:    Sif Muna [*.....]
Gold:   437        SH:  0    Dex: 10    Spells: 5/20 levels left

rFire    . . .     SeeInvis .   (no weapon)
rCold    . . .     Faith    .   (no shield)
rNeg     + . .     Spirit   .   g - +2 robe {Will+}
rPois    ∞         Reflect  .   (no helmet)
rElec    +         Harm     .   (no cloak)
rCorr    .         Rampage  .   (no gloves)
Will     +....                  i - +0 pair of boots
Stlth    ++........             (no amulet)
HPRegen  0.15/turn              (no ring)
MPRegen  0.16/turn              (no ring)

@: no status effects
A: negative energy resistance 1, electricity resistance, unbreathing,
petrification resistance, miasma immunity, AC +6
a: Renounce Religion, Channel Magic


You were in a bailey.
You worshipped Sif Muna.
Sif Muna was aware of your devotion.
You visited 2 branches of the dungeon, and saw 8 of its levels.
You also visited: Bailey.

You collected 437 gold pieces.

Inventory:

Armour
 g - a +2 robe of willpower (worn)
 i - a +0 pair of boots (worn)
 t - a +0 buckler
Wands
 h - a wand of polymorph (1)
 n - a wand of iceblast (4)
Scrolls
 e - 4 scrolls of remove curse
 k - 6 scrolls of teleportation
 l - 2 scrolls of enchant weapon
 s - a scroll of fear {unknown}
Potions
 a - 5 potions of curing {unknown}
 b - a potion of berserk rage
 d - a potion of mutation {unknown}
 f - 3 potions of flight {unknown}
 j - a potion of attraction {unknown}
 p - 2 potions of degeneration {unknown}
 q - a potion of ambrosia {unknown}


   Skills:
 + Level 5.4 Dodging
 - Level 2.1 Stealth
 - Level 4.0 Shields
 + Level 6.1 Spellcasting
 - Level 0.7 Transmutations
 * Level 11.1 Earth Magic


You had 5 spell levels left.
You knew the following spells:

 Your Spells              Type           Power        Failure   Level
a - Sandblast             Erth           100%         1%          1
b - Passwall              Tmut/Erth      24%          1%          2
c - Stone Arrow           Conj/Erth      56%          3%          3
d - Petrify               Tmut/Erth      29%          9%          4
e - Lee's Rapid Deconstr  Erth           25%          3%          5

Your spell library contained the following spells:

 Spells                   Type           Power        Failure   Level


Dungeon Overview and Level Annotations

Branches:
Dungeon (7/15)             Temple (1/1) D:4          Bailey (1/1)

Altars:
Dithmenos
Elyvilon
Fedhas
Gozag
Hepliaklqana
Kikubaaqudgha
Makhleb
Nemelex Xobeh
Okawaru
Qazlal
Ru
Sif Muna
Trog
Uskayaw
Vehumet
Xom
Yredelemnul
Zin


Innate Abilities, Weirdness & Mutations

You are resistant to torment.
Your stone body is resilient. (AC +6)
You are immune to poison.
You resist negative energy. (rN+)
You are resistant to electric shocks. (rElec)
You can survive without breathing.
You are immune to petrification.
You are immune to miasma.


Message History

b - a potion of berserk rage The hobgoblin misses you.
Casting: Stone Arrow (dangerous; 3% risk of failure)
Confirm with . or Enter, or press ? or * to list all spells.
Aiming: Stone Arrow (dangerous; 3% risk of failure)
Press: ? - help, Shift-Dir - straight line, f - hobgoblin
Aim: a hobgoblin, wielding a +0 hand axe and wearing a +0 leather armour (29% to evade)
The stone arrow misses the hobgoblin.
Unknown command.
Unknown command.
The hobgoblin hits you but does no damage.
The orc hits you but does no damage. The hobgoblin closely misses you.
The orc hits you with a +3 war axe.
* * * LOW HITPOINT WARNING * * *
The hobgoblin barely misses you.
An orc warrior comes into view. It is wielding a +0 war axe.
The orc warrior shouts!
You hear a shout! x2
An orc comes into view. It is wielding a -1 hand axe.
The orc warrior hits you with a +0 war axe!
You die...

#!.∩.. .....? #......
........ ........ #######
....⌠.... ######
##.....##.........##.....
#.......@o....o...'...)..
##......g##.......##......
#........o# ..... #.......
##.......g.##
8.88##.......
#.....⌠.....# '###o....⌠..
#.........## .###....)).
#.........# . #....o).
##.......## ##......
#.......# #....).


You could see an orc warrior, an orc and 2 hobgoblins.

Vanquished Creatures
  An orc knight (Bailey)
  Sigmund (D:2)
  Eustachio (D:4)
  A wyvern (D:6)
  3 orc warriors (Bailey)
  An ogre (D:6)
  6 centaurs
  A scorpion (D:5)
  3 wights (D:5)
  4 crimson imps (D:5)
  A hound (D:5)
  A bullfrog zombie (D:5)
  A jelly (D:5)
  2 bullfrog skeletons
  3 orc priests
  A gnoll shaman (D:5)
  5 orc wizards
  Ijyb (D:5)
  A worker ant (D:5)
  A howler monkey skeleton (D:7)
  15 gnolls
  9 adders
  2 white imps (D:6)
  An ufetubus (D:6)
  2 adder zombies (D:6)
  A worm (D:3)
  5 dart slugs
  5 leopard geckos
  41 orcs
  2 ball pythons
  9 bats
  5 giant cockroaches
  20 goblins
  13 hobgoblins
  16 jackals
  3 quokkas
  5 frilled lizards
  A jackal zombie (D:6)
  10 kobolds
  6 rats
210 creatures vanquished.

Vanquished Creatures (others)
  31 plants (D:4)
31 creatures vanquished.

Grand Total: 241 creatures vanquished

Notes
Turn   | Place    | Note
-------+----------+-------------------------------------------
     0 | D:1      | Zeld the Gargoyle Earth Elementalist began the quest for
                  | the Orb.
     0 | D:1      | Reached XP level 1. HP: 10/10 MP: 3/3
   205 | D:1      | Reached XP level 2. HP: 15/15 MP: 0/5
   208 | D:1      | Learned a level 2 spell: Passwall
   272 | D:1      | Reached skill level 4 in Earth Magic
   652 | D:1      | Reached XP level 3. HP: 19/19 MP: 3/6
   656 | D:1      | Learned a level 3 spell: Stone Arrow
  1054 | D:2      | Noticed Sigmund
  1059 | D:2      | Killed Sigmund
  1060 | D:2      | Reached skill level 5 in Earth Magic
  1060 | D:2      | Reached XP level 4. HP: 12/24 MP: 3/8
  1060 | D:2      | Reached XP level 5. HP: 15/28 MP: 3/9
  1067 | D:2      | Learned a level 4 spell: Petrify
  1443 | D:2      | Reached skill level 6 in Earth Magic
  1799 | D:2      | Reached XP level 6. HP: 32/32 MP: 4/10
  2097 | D:3      | Found a burning altar of Makhleb.
  2097 | D:3      | Found a stormy altar of Qazlal.
  2127 | D:3      | Found a hazy altar of Hepliaklqana.
  2128 | D:3      | Found a shimmering altar of Xom.
  2129 | D:3      | Noticed a spectral ugly thing
  3641 | D:4      | Found a staircase to the Ecumenical Temple.
  3663 | Temple   | Entered the Ecumenical Temple
  3725 | Temple   | Became a worshipper of Sif Muna the Loreminder
  5038 | D:4      | Found an opulent altar of Gozag.
  5155 | D:4      | Noticed Eustachio
  5835 | D:4      | Reached skill level 7 in Earth Magic
  6064 | D:4      | Reached XP level 7. HP: 34/36 MP: 12/12
  6166 | D:4      | Found a bloodstained altar of Trog.
  6312 | D:4      | Found a staircase to the Ecumenical Temple.
  6676 | D:4      | Killed Eustachio
  6911 | D:4      | Found a bloodstained altar of Trog.
  6936 | D:5      | Entered Level 5 of the Dungeon
  7017 | D:5      | Found a shimmering altar of Xom.
  7142 | D:5      | Reached skill level 8 in Earth Magic
  7208 | D:5      | Reached XP level 8. HP: 41/41 MP: 12/14
  7214 | D:5      | Learned a level 5 spell: Lee's Rapid Deconstruction
  8197 | D:5      | Reached skill level 9 in Earth Magic
  8455 | D:5      | Noticed Ijyb
  8457 | D:5      | Found a shadowy altar of Dithmenos.
  8485 | D:5      | Killed Ijyb
  8908 | D:6      | Reached skill level 5 in Spellcasting
  9353 | D:6      | Reached skill level 10 in Earth Magic
  9487 | D:6      | Reached XP level 9. HP: 42/45 MP: 9/17
  9949 | D:6      | Reached skill level 5 in Dodging
  9949 | D:6      | Reached skill level 1 in Shields
 10032 | D:7      | Found a sacrificial altar of Ru.
 10164 | D:7      | Found a flagged portal.
 10173 | Bailey   | Entered a bailey
 10318 | Bailey   | Reached * piety under Sif Muna
 10625 | Bailey   | Noticed an orc knight
 10669 | Bailey   | Killed an orc knight
 11143 | Bailey   | Reached skill level 11 in Earth Magic
 11472 | Bailey   | Noticed an orc knight
 11565 | Bailey   | Identified the cursed +1 hand axe of Hiha {flame, *Rage
                  | rElec Str+3 Stlth+}
 11579 | Bailey   | Slain by an orc warrior

Illustrated notes

Levels and vault maps discovered:
D:1:      scummos_arrival_gate, layout_basic, minmay_tromino_i2
D:2:      minmay_evil_eye, layout_rooms, uniq_sigmund
D:3:      layout_basic, regret_index_temple_of_mockery,
          gammafunk_temple_overflow_wave
D:4:      layout_layer_cave, old_standard_altar, kennysheep_mini,
          minmay_temple_entry_mist, serial_bayou_lagoon_a, uniq_eustachio
D:5:      layout_cave_pools, lemuel_round_altar, minmay_misc_feat_more_columns,
          led_xom_imps, uniq_ijyb
D:6:      layout_layer_cave
D:7:      layout_basic, nicolae_overflow_crystal_walls,
          nicolae_overflow_hidden_temple, enter_bailey_6,
          nicolae_ru_sacrificial_ziggurat
Temple:   chequers_temple_sunken
Bailey:   bailey_axe_minmay_hex_keep, bailey

Skill      XL: |  1  2  3  4  5  6  7  8  9 |
---------------+----------------------------+-----
Earth Magic    | 4 5 6 7 8 10 11 | 11.1
Dodging        | 2 3 4 5 |  5.4
Spellcasting   | 3 4 5 6 |  6.1
Shields        | 4 |  4.0
Stealth        | |  2.1
Transmutations | |  0.7

Action                   |  1- 3 |  4- 6 |  7- 9 || total
-------------------------+-------+-------+-------++-------
Melee: Unarmed           |     4 |   195 |    82 ||   281
 Cast: Sandblast         |    47 |    69 |   123 ||   239
       Stone Arrow       |       |    27 |    73 ||   100
       Lee's Rapid Decon |       |       |     3 ||     3
Evoke: Wand              |       |       |    12 ||    12
  Use: Scroll            |       |     5 |     4 ||     9
 Stab: Sleeping          |       |     1 |       ||     1
Armor: Robe              |     6 |    98 |    64 ||   168
       Skin              |       |       |     1 ||     1
Dodge: Dodged            |    15 |   179 |   122 ||   316
